 Dungeon Crawl Stone Soup version 0.17-a0-1853-ge1bd2c8 (webtiles) character file.

61 Oddball22 the Grave Robber (level 3, -8/27 HPs)
             Began as a Demonspawn Necromancer on Sept 20, 2015.
             Mangled by a gnoll
             ... wielding a +0 halberd of freezing
              (15 damage)
             ... on level 4 of the Dungeon.
             The game lasted 00:05:06 (1675 turns).

Oddball22 the Grave Robber (Demonspawn Necromancer) Turns: 1675, Time: 00:05:06

Health: -8/27      AC:  3    Str:  8    XL:     3   Next: 83%
Magic:  6/6        EV: 13    Int: 16    God:
Gold:   48         SH:  0    Dex: 14    Spells: 1 memorised, 5 levels left

rFire  x . .     SeeInvis .     o - +6 dagger
rCold  + . .     Clarity  .     a - +1 robe
rNeg   . . .     SustAt   .     (no shield)
rPois  .         Gourm    .     (no helmet)
rElec  .         Spirit   .     (no cloak)
rCorr  .         Warding  .     (no gloves)
rMut   .         Stasis   .     (no boots)
MR     .....                    (no amulet)
Stlth  ++........               (no ring)
                                e - ring of ice

@: not resistant to hostile enchantments, unstealthy
A: claws 1
a: no special abilities


You were on level 4 of the Dungeon.
You were not hungry.

You visited 1 branch of the dungeon, and saw 3 of its levels.

You collected 48 gold pieces.

Inventory:

Hand weapons
 d - a +0 mace
 i - a +1 dagger of draining
 o - a +6 dagger (weapon)
Armour
 a - a +1 robe (worn)
Jewellery
 e - a ring of ice (left claw)
Scrolls
 l - a scroll of enchant armour
 p - a scroll of amnesia {unknown}
Potions
 h - a potion of curing {unknown}
Books
 b - a book of Necromancy

   Spells                             Type                      Level
   a - Pain                           Necromancy                   1
   b - Animate Skeleton               Necromancy                   1
   c - Vampiric Draining              Necromancy                   3
   d - Regeneration                   Charms/Necromancy            3
   e - Animate Dead                   Necromancy                   4
   f - Control Undead                 Necromancy                   4
Comestibles
 c - 2 bread rations
 f - 6 chunks of flesh
 j - a meat ration


   Skills:
 * Level 2.2 Fighting
 + Level 1.4 Armour
 + Level 2.5 Dodging
 - Level 1.7 Stealth
 - Level 2.0 Spellcasting
 - Level 4.3 Necromancy


You had 5 spell levels left.
You knew the following spells:

 Your Spells              Type           Power        Failure   Level  Hunger
a - Pain                  Necr           ###.         4%          1    #......


Dungeon Overview and Level Annotations

Branches:
Dungeon (4/15)
 Temple: D:4-7

Altars:

Annotations:
D:2 Crazy Yiuf


Innate Abilities, Weirdness & Mutations

You have sharp fingernails.


Message History

The gnoll throws a throwing net.
The throwing net closely misses you.
The throwing net hits the gnoll.
The gnoll is caught in the net!
You puncture the gnoll!
The gnoll is severely wounded.
The gnoll struggles against the net.
The gnoll closely misses you.
The gnoll struggles against the net.
The gnoll throws a throwing net.
The throwing net misses you.
The throwing net hits the gnoll.
You hit the gnoll but do no damage.
The gnoll is severely wounded.
The gnoll closely misses you.
The gnoll hits you from afar with a spear.
The gnoll hits you with a club.
* * * LOW HITPOINT WARNING * * *
The gnoll struggles to escape the net.
Read which item? (? for menu, Esc to quit)
As you read the scroll labeled HIXUFO VANTIF GON, it crumbles to dust.
The scroll dissolves into smoke.
It was a scroll of fog.
The gnoll hits you from afar with a halberd of freezing!
Ouch! That really hurt!
You die...

#+# #.#
#########+ #§#
#..g......
#g######g..).....
#@gggggggg.......
#§§gggg'g........
#g##'###########+
#.#..#. #.#e. ..+
#+#.. .# ### #


You could see 5 gnolls.

Vanquished Creatures
  3 gnolls (D:2)
  8 goblins (D:1)
  2 hobgoblins (D:1)
  6 jackals
  5 kobolds (D:1)
  2 bats (D:1)
  3 giant cockroaches
  A giant newt (D:1)
  A rat (D:1)
31 creatures vanquished.

Notes
Turn   | Place    | Note
--------------------------------------------------------------
     0 | D:1      | Oddball22 the Demonspawn Necromancer began the quest for the Orb.
     0 | D:1      | Reached XP level 1. HP: 13/13 MP: 3/3
   373 | D:1      | Reached skill level 1 in Fighting
   553 | D:1      | Gained mutation: You have sharp fingernails. [demonic ancestry]
   553 | D:1      | Reached XP level 2. HP: 19/21 MP: 0/5
   948 | D:1      | Reached skill level 1 in Armour
  1153 | D:1      | Reached XP level 3. HP: 21/26 MP: 2/6
  1418 | D:2      | Noticed Crazy Yiuf
  1660 | D:2      | You fall through a shaft for 2 floors!
  1666 | D:4      | Noticed a deep elf mage
  1675 | D:4      | Mangled by a gnoll

Vault maps used:
D:1:      dpeg_arrival_tiny_a, moated_statue, st_stairs_5, serial_bayou_pond_c
D:2:      elyvilon_altar_4, ecumenical_altar_2, amethyst_killhole,
          uniq_crazy_yiuf_cottage
D:4:      lemuel_castle_with_subvaults, kiku_gazebo_pond_becter

Action                   || total
-------------------------++-------
Melee: Unarmed           ||     5
       Dagger            ||    47
       Mace              ||     3
 Cast: Pain              ||    26
  Use: Scroll            ||     5
  Eat: Chunk             ||     3
